 Dungeon Crawl Stone Soup version 0.22.0-16-gc6d26f6 (webtiles) character file.

6477 Lew the Blocker (level 10, 0/91 HPs)
             Began as a Minotaur Fighter on Aug 17, 2018.
             Slain by Harold
             ... wielding a +0 halberd
              (17 damage)
             ... on level 8 of the Dungeon.
             The game lasted 00:25:39 (8708 turns).

Lew the Blocker (Minotaur Fighter)                  Turns: 8708, Time: 00:25:39

Health: 0/91       AC: 16    Str: 22    XL:     10   Next: 68%
Magic:  9/9        EV:  5    Int:  5    God:
Gold:   465        SH:  0    Dex: 12    Spells: 9/9 levels left

rFire    . . .     SeeInvis +   x - +2 scimitar (curse)
rCold    . . .     Gourm    .   c - +0 shield
rNeg     + . .     Faith    .   C - +0 plate armour
rPois    +         Spirit   .   t - +2 hat
rElec    .         Reflect  .   (no cloak)
rCorr    .         Harm     .   (no gloves)
MR       .....     Clarity  +   (no boots)
Stlth    ..........             (no amulet)
HPRegen  0.25/turn              e - ring of poison resistance
MPRegen  0.11/turn              l - ring of positive energy

@: held
A: retaliatory headbutt, horns 2, see invisible, clarity
a: no special abilities


You were on level 8 of the Dungeon.
You were not hungry.

You visited 2 branches of the dungeon, and saw 9 of its levels.
You also visited: Ossuary.

You collected 465 gold pieces.

Inventory:

Hand Weapons
 a - a +1 long sword
 u - a +2 dagger of venom
 x - a cursed +2 scimitar (weapon)
 y - a +6 great sword
Armour
 b - a +0 scale mail
 c - a +0 shield (worn)
 t - a +2 hat (worn)
 C - a +0 plate armour (worn)
Jewellery
 e - a ring of poison resistance (left hand)
 h - an uncursed ring of stealth
 l - a ring of positive energy (right hand)
 B - an uncursed amulet of the acrobat
 D - an uncursed ring of magical power
Wands
 m - a wand of paralysis (18)
 s - a wand of flame (38)
 w - a wand of scattershot (4)
 z - a wand of random effects (21)
Scrolls
 o - a scroll of teleportation
 p - a scroll of fear
 v - 3 scrolls of amnesia
Potions
 d - 2 potions of might
 g - 4 potions of curing
 i - 2 potions of heal wounds
 j - a potion of mutation
 k - a potion of cancellation
 n - a potion of resistance
 q - a potion of invisibility
 r - a potion of agility
 A - a potion of lignification
Comestibles
 f - 13 rations


   Skills:
 + Level 9.4 Fighting
 + Level 9.1 Long Blades
 + Level 9.5 Armour
 + Level 7.9 Dodging
 + Level 9.5 Shields


You had 9 spell levels left.
You didn't know any spells.
Your spell library contained the following spells:

 Spells                   Type           Power        Failure   Level  Hunger
 Throw Frost              Conj/Ice       #.....       100%        2    ###....
 Freeze                   Ice            #...         100%        1    ##.....
 Summon Ice Beast         Ice/Summ       #.......     100%        4    #####..
 Ozocubu's Armour         Chrm/Ice       #.......     100%        3    ####...
 Throw Icicle             Conj/Ice       #.......     100%        4    #####..


Dungeon Overview and Level Annotations

Branches:
Dungeon (8/15)             Temple (1/1) D:7
   Lair: D:8-11

Altars:
Ashenzari
Cheibriados
Dithmenos
Elyvilon
Fedhas
Gozag
Hepliaklqana
Kikubaaqudgha
Nemelex Xobeh
Okawaru
Qazlal
Ru
Sif Muna
Trog
Uskayaw
Wu Jian
Xom
Yredelemnul
Zin
The Shining One

Annotations:
D:8 2 runed doors, Harold


Innate Abilities, Weirdness & Mutations

You reflexively headbutt those who attack you in melee.
You have a pair of horns on your head.
You have supernaturally acute eyesight. (SInv)
You possess an exceptional clarity of mind.


Message History

Harold hits you but does no damage.
You rip the net and break free!
You block the ice beast's attack.
Harold says, "Do you have any idea what people are willing to pay to have you killed, Lew?"
You block Harold's attack.
There is an open door here.
There is an escape hatch in the floor here.
Harold throws a throwing net.
The throwing net hits you.
You become entangled in the net!
There is a stone staircase leading up here.
You see here a throwing net.
You can't do that while held in a net.
You struggle against the net.
The ice beast hits you but does no damage.
You struggle against the net.
The ice beast hits you.
* * * LOW HITPOINT WARNING * * *
The ice beast freezes you!
* * * LOW HITPOINT WARNING * * *
You struggle against the net.
Harold hits you from afar with a halberd!
You die...

..)......#
#####†########
...H@........#
.............#
..#######....#######
.H# #....#.....# ..+
+....#.....# ..#
#....#.....#
..#######....#..@..#
.............#..Y..#
...H.........#.@...#
#####'########H#####
#.....H....#
############


You could see Harold, a hippogriff and an ice beast.

Vanquished Creatures
  Pikel (D:7)
  Joseph (D:7)
  Prince Ribbit (D:7)
  A hippogriff (D:8)
  3 hogs (D:7)
  7 yaks (D:7)
  2 humans
  A water moccasin (D:8)
  2 orc warriors (D:7)
  A porcupine (D:8)
  3 black bears
  A phantom (D:6)
  2 ice beasts
  4 slaves (D:7)
  3 ogres
  A crocodile (D:8)
  A big kobold (D:4)
  3 bullfrogs
  A scorpion (D:3)
  8 wights (D:6)
  A crimson imp (D:5)
  7 howler monkeys
  7 hounds
  A centaur zombie (D:5)
  2 jellies
  8 orc priests
  A centaur skeleton (D:4)
  2 bullfrog skeletons
  2 iguanas (D:7)
  8 orc wizards
  5 worker ants
  3 big kobold zombies (Ossuary)
  A hound zombie (D:7)
  A mummy (Ossuary)
  2 worker ant zombies
  3 gnolls (D:7)
  11 adders
  A shadow imp (D:6)
  An ooze (D:2)
  A dart slug (D:1)
  5 leopard geckos
  28 orcs
  2 spectral bats (Ossuary)
  10 bats
  9 giant cockroaches
  9 gnoll zombies (Ossuary)
  7 goblins
  8 hobgoblins
  16 jackals
  5 quokkas
  A ball python (D:1)
  A bat simulacrum (Ossuary)
  2 frilled lizards
  5 goblin simulacra (Ossuary)
  5 goblin zombies
  7 hobgoblin zombies (Ossuary)
  29 kobolds
  4 kobold simulacra (Ossuary)
  2 kobold zombies (Ossuary)
  A leopard gecko skeleton (D:7)
  5 orc zombies (Ossuary)
  A quokka zombie (D:6)
  3 rats
  2 rat simulacra (Ossuary)
  2 spectral goblins (Ossuary)
  2 spectral kobolds (Ossuary)
  3 spectral rats (Ossuary)
  5 plants (D:4)
294 creatures vanquished.

Notes
Turn   | Place    | Note
-------+----------+-------------------------------------------
     0 | D:1      | Lew the Minotaur Fighter began the quest for the Orb.
     0 | D:1      | Reached XP level 1. HP: 19/19 MP: 0/0
   165 | D:1      | Reached XP level 2. HP: 25/27 MP: 1/1
   411 | D:1      | Reached skill level 1 in Dodging
   593 | D:1      | Reached XP level 3. HP: 31/33 MP: 2/2
   958 | D:2      | Found a faded altar of an unknown god.
   969 | D:2      | Reached XP level 4. HP: 40/40 MP: 3/3
  1167 | D:2      | Found a deep blue altar of Sif Muna.
  1453 | D:3      | Reached XP level 5. HP: 47/47 MP: 4/4
  1904 | D:3      | Found a hide-covered altar of Uskayaw.
  1904 | D:3      | Found a hazy altar of Hepliaklqana.
  1936 | D:3      | Reached XP level 6. HP: 53/53 MP: 5/5
  2409 | D:4      | Found a sand-covered staircase.
  2414 | Ossuary  | Entered an ossuary
  2433 | Ossuary  | Reached skill level 5 in Armour
  2456 | Ossuary  | Reached skill level 5 in Shields
  2506 | Ossuary  | Reached skill level 5 in Fighting
  2868 | D:4      | Gained mutation: You are clumsy. (Dex -2) [potion of mutation]
  2868 | D:4      | Gained mutation: You have large cloven feet. [potion of mutation]
  2868 | D:4      | Gained mutation: Potions are less effective at restoring your health. [potion of mutation]
  2868 | D:4      | Gained mutation: You expend magic power (3 MP) to strengthen your wands. [potion of mutation]
  2869 | D:4      | Lost mutation: You have large cloven feet. [potion of mutation]
  2869 | D:4      | Lost mutation: You are clumsy. (Dex -2) [potion of mutation]
  2869 | D:4      | Gained mutation: Your natural rate of healing is unusually fast. [potion of mutation]
  2869 | D:4      | Lost mutation: You expend magic power (3 MP) to strengthen your wands. [potion of mutation]
  2869 | D:4      | Gained mutation: You have sharp toenails. [potion of mutation]
  3498 | D:4      | Reached XP level 7. HP: 61/61 MP: 6/6
  3927 | D:4      | Found a runed door.
  3927 | D:4      | Noticed a human
  3928 | D:4      | Found a basalt altar of Yredelemnul.
  4028 | D:4      | Killed a human
  4028 | D:4      | Reached skill level 5 in Long Blades
  4045 | D:4      | Lost mutation: You have sharp toenails. [potion of mutation]
  4045 | D:4      | Lost mutation: Potions are less effective at restoring your health. [potion of mutation]
  4045 | D:4      | Gained mutation: Your magical capacity is low. (-10% MP) [potion of mutation]
  4045 | D:4      | Gained mutation: You have supernaturally acute eyesight. (SInv) [potion of mutation]
  4046 | D:4      | Lost mutation: Your magical capacity is low. (-10% MP) [potion of mutation]
  4046 | D:4      | Lost mutation: Your natural rate of healing is unusually fast. [potion of mutation]
  4046 | D:4      | Gained mutation: You possess an exceptional clarity of mind. [potion of mutation]
  4071 | D:5      | Entered Level 5 of the Dungeon
  4237 | D:5      | Reached XP level 8. HP: 53/70 MP: 7/7
  5137 | D:6      | Reached skill level 5 in Dodging
  5842 | D:6      | Reached XP level 9. HP: 70/79 MP: 8/8
  6725 | D:7      | Noticed Pikel
  6733 | D:7      | Killed Pikel
  6854 | D:7      | Found a glowing golden altar of the Shining One.
  6854 | D:7      | Noticed Prince Ribbit
  6855 | D:7      | Found an ancient bone altar of Kikubaaqudgha.
  6856 | D:7      | Found a sacrificial altar of Ru.
  6856 | D:7      | Found an opulent altar of Gozag.
  6856 | D:7      | Found an iron altar of Okawaru.
  6879 | D:7      | Killed Prince Ribbit
  7097 | D:7      | Reached XP level 10. HP: 67/90 MP: 9/9
  7719 | D:7      | Noticed Joseph
  7722 | D:7      | Found a staircase to the Ecumenical Temple.
  7736 | D:7      | Killed Joseph
  7887 | Temple   | Entered the Ecumenical Temple
  8572 | D:8      | Found a runed door.
  8589 | D:8      | Found a runed door.
  8648 | D:8      | Noticed Harold
  8708 | D:8      | Slain by Harold

Skill      XL: |  1  2  3  4  5  6  7  8  9 10 |
---------------+-------------------------------+-----
Dodging        | 1 2 3 4 5 6 7 |  7.9
Armour         | 4 5 6 7 8 9 |  9.5
Shields        | 4 5 6 7 8 9 |  9.5
Fighting       | 4 5 6 7 8 9 |  9.4
Long Blades    | 3 4 5 6 8 9 |  9.1

Action                   |  1- 3 |  4- 6 |  7- 9 | 10-12 || total
-------------------------+-------+-------+-------+-------++-------
Melee: Long sword        |    91 |   307 |   195 |       ||   593
       Headbutt          |    20 |    79 |    71 |    34 ||   204
       Kick              |       |    46 |    19 |       ||    65
       Scimitar          |       |       |   160 |   111 ||   271
  Use: Scroll            |     4 |     9 |     7 |       ||    20
       Potion            |     3 |     4 |     2 |       ||     9
 Stab: Distracted        |       |       |     1 |       ||     1
  Eat: Chunk             |       |     1 |     3 |     1 ||     5
       Ration            |       |     3 |     2 |     2 ||     7
Armor: Scale mail        |    43 |    86 |    80 |       ||   209
       Plate armour      |       |       |    24 |    48 ||    72
Dodge: Dodged            |    33 |    79 |   114 |    35 ||   261
Block: Shield            |    69 |   142 |   177 |    71 ||   459
       Rpst.: Long sword |    11 |    22 |    18 |       ||    51
       Scimitar          |       |       |    13 |     9 ||    22
